 Dungeon Crawl Stone Soup version 0.28-a0-60-g54b5640690 (webtiles) character file.

Game seed: 2932104323098206453

4349 quinnr the Zephyrmancer (level 10, -9/52 HPs)
             Began as a Tengu Air Elementalist on July 30, 2021.
             Was a Follower of Hepliaklqana.
             Mangled by a yak (13 damage)
             ... on level 9 of the Dungeon.
             The game lasted 00:17:05 (10180 turns).

quinnr the Zephyrmancer (Tengu Air Elementalist)   Turns: 10180, Time: 00:17:05

Health: -9/52      AC:  4    Str: 10    XL:     10   Next: 34%
Magic:  1/17       EV: 16    Int: 19    God:    Hepliaklqana [*.....]
Gold:   333        SH:  0    Dex: 15    Spells: 8/18 levels left

rFire   . . .      SeeInvis .   u - staff of conjuration
rCold   . . .      Faith    .   (no shield)
rNeg    . . .      Spirit   .   a - +0 robe
rPois   .          Reflect  .   (helmet restricted)
rElec   .          Harm     .   (no cloak)
rCorr   .          Rampage  .   (no gloves)
Will    +....                   (boots unavailable)
Stlth   +++.......              (no amulet)
HPRegen 0.17/turn               w - ring of willpower
MPRegen 0.15/turn               (no ring)

@: flying quickly and evasively, quick
A: reduced essence, beak, talons 3, nimble flight, iridescent scales 1, strong
1, subdued magic 1
a: Renounce Religion, Recall Ancestor, Ancestor Identity


You were on level 9 of the Dungeon.
You worshipped Hepliaklqana.
Hepliaklqana was aware of your devotion.
You visited 2 branches of the dungeon, and saw 10 of its levels.
You also visited: Sewer.

You collected 333 gold pieces.

Inventory:

Missiles
 m - 2 boomerangs of dispersal
Armour
 a - a +0 robe (worn)
 f - +0 storm dragon scales
Magical Staves
 n - a staff of cold
 u - a staff of conjuration (weapon)
Jewellery
 w - a ring of willpower (left hand)
Wands
 i - a wand of acid (2)
 p - a wand of flame (9)
Scrolls
 c - a scroll of summoning {unknown}
 j - 2 scrolls of acquirement {unknown}
 o - a scroll of magic mapping
 q - 3 scrolls of teleportation
 r - 2 scrolls of vulnerability {unknown}
 v - a scroll of amnesia
 x - 3 scrolls of immolation
Potions
 b - a potion of heal wounds {unknown}
 d - 2 potions of degeneration
 e - 2 potions of curing
 g - 3 potions of invisibility {unknown}
 h - 2 potions of cancellation
 k - 3 potions of might
 l - 2 potions of attraction
 t - a potion of haste
 z - a potion of magic


   Skills:
 + Level 4.9 Fighting
 - Level 0.8 Armour
 + Level 4.6 Dodging
 - Level 5.0 Stealth
 + Level 4.5 Spellcasting
 - Level 1.3 Conjurations
 - Level 3.0 Summonings
 - Level 0.8 Translocations
 * Level 14.5 Air Magic


You had 8 spell levels left.
You knew the following spells:

 Your Spells              Type           Power      Damage    Failure   Level
a - Shock                 Conj/Air       100%       1d9       1%          1
b - Apportation           Tloc           10%        N/A       8%          1
c - Summon Lightning Spi  Summ/Air       28%        N/A       2%          4
d - Airstrike             Air            22%        N/A       1%          4

Your spell library contained the following spells:

 Spells                   Type           Power      Damage    Failure   Level
 Static Discharge         Conj/Air       39%        N/A       1%          2
 Swiftness                Air            45%        N/A       1%          3
 Animate Skeleton         Necr           6%         N/A       11%         1
 Pain                     Necr           12%        1d4       11%         1
 Lightning Bolt           Conj/Air       19%        1d34      12%         5
 Gell's Gravitas          Tloc           2%         N/A       24%         3
 Lesser Beckoning         Tloc           2%         N/A       24%         3
 Teleport Other           Tloc           5%         N/A       24%         3
 Vampiric Draining        Necr           1%         2d6       32%         3
 Petrify                  Tmut/Erth      3%         N/A       75%         4
 Alistair's Intoxication  Tmut/Pois      2%         N/A       98%         5
 Metabolic Englaciation   Hex/Ice        1%         N/A       98%         5
 Invisibility             Hex            1%         N/A       100%        6
 Statue Form              Tmut/Erth      2%         N/A       100%        6


Dungeon Overview and Level Annotations

Branches:
Dungeon (9/15)             Temple (1/1) D:6           Sewer (visited)
   Lair: D:8-11         Orc: D:9-12

Altars:
Ashenzari
Cheibriados
Elyvilon
Hepliaklqana
Kikubaaqudgha
Makhleb
Nemelex Xobeh
Okawaru
Qazlal
Sif Muna
Trog
Uskayaw
Vehumet
Wu Jian
Xom
Yredelemnul
Zin
The Shining One

Annotations:
D:2 1 runed translucent door, Crazy Yiuf
D:3 Grinder


Innate Abilities, Weirdness & Mutations

Your life essence is reduced to manifest your ancestor. (-10% HP)
You have a beak for a mouth.
You have claws for feet.
Your magical nature lets you fly swiftly and evasively.
You are partially covered in iridescent scales. (AC +2)
Your muscles are strong. (Str +2)
Your spells are a little easier to cast, but a little less powerful.


Message History

You feel a surge of power!
The zap hits the yak.
The yak is almost dead.
The zap hits the yak.
The yak is moderately wounded.
The zap hits the yak but does no damage.
The yak is lightly wounded.
The yak barely misses you.
Casting: Shock (safe; 1% risk of failure)
Confirm with . or Enter, or press ? or * to list all spells.
You don't have enough magic to cast this spell.
Unknown command.
Unknown command.
You hit the yak.
You kill the yak!
The yak gores you.
You hit the yak but do no damage.
The yak is moderately wounded.
The yak barely misses you.
You feel a surge of power!
The zap hits the yak.
The yak is moderately wounded.
The zap hits the yak.
The yak is heavily wounded.
You feel a surge of power!
The zap hits the yak.
The yak is heavily wounded.
The zap hits the yak.
The yak is severely wounded.
The yak barely misses you.
You feel a surge of power!
The zap misses the yak.
The zap hits the yak.
The yak is lightly wounded.
The zap hits the yak!
The yak is moderately wounded.
The zap misses the yak.
The yak gores you!
You are too injured to fight recklessly!
Unknown command.
The yak gores you!
* * * LOW HITPOINT WARNING * * *
You hit the yak.
The yak is severely wounded.
The yak gores you!
You die...

###########
#.YY@....<# ######
#.#######.# .Y.Y.# #.#
#.# ####.# #Y# #.#
###.########Y### #.#
#.......YY.....# #.#
#.#.########.#.#####.#
#.#.# #..#......#
#.#.# #.#.####..#


You could see 2 yaks.

Vanquished Creatures
  A hornet (D:9)
  A wraith (D:8)
  5 yaks
  A vampire mosquito (D:7)
  An orc warrior (D:5)
  An ice beast (D:6)
  A black bear (D:4)
  2 ogres
  A necrophage (D:5)
  3 bullfrogs
  3 scorpions
  A water moccasin skeleton (D:4)
  7 wights
  A howler monkey (D:7)
  2 bullfrog zombies (D:5)
  2 centaur zombies
  2 hounds
  3 orc priests
  3 iguanas
  Jessica (D:3)
  An orc wizard (D:8)
  5 adders
  2 ufetubi
  An adder zombie (D:5)
  3 worms
  4 dart slugs
  22 orcs
  7 endoplasms
  4 giant cockroaches
  4 hobgoblins
  9 jackals
  13 kobolds
  4 quokkas
  11 ball pythons
  5 bats
  4 frilled lizards
  3 goblins
  9 rats
153 creatures vanquished.

Vanquished Creatures (collateral kills)
  A hornet (D:8)
  5 yaks (D:8)
  A vampire mosquito (D:7)
  An ice beast (D:5)
  3 orc warriors
  A black bear (D:6)
  A necrophage (D:6)
  An ogre (D:6)
  A scorpion (D:5)
  A wyvern skeleton (D:7)
  7 wights
  A howler monkey (D:5)
  An orc priest (D:5)
  2 orc wizards
  9 orcs
36 creatures vanquished.

Vanquished Creatures (others)
  An ancestor (D:9)
  19 plants
20 creatures vanquished.

Grand Total: 209 creatures vanquished

Notes
Turn   | Place    | Note
-------+----------+-------------------------------------------
     0 | D:1      | quinnr the Tengu Air Elementalist began the quest for the
                  | Orb.
     0 | D:1      | Reached XP level 1. HP: 10/10 MP: 4/4
   175 | D:1      | Reached XP level 2. HP: 16/16 MP: 1/6
   736 | D:1      | Reached skill level 1 in Fighting
   746 | D:1      | Found a faded altar of an unknown god.
   887 | D:2      | Found a bloodstained altar of Trog.
   889 | D:2      | Reached XP level 3. HP: 20/20 MP: 5/7
   989 | D:2      | Learned a level 1 spell: Apportation
  1040 | D:2      | Reached skill level 5 in Air Magic
  1490 | D:2      | Found a runed translucent door.
  1491 | D:2      | Noticed Crazy Yiuf
  2116 | D:3      | Reached XP level 4. HP: 25/25 MP: 3/8
  2466 | D:3      | Learned a level 4 spell: Summon Lightning Spire
  2479 | D:3      | Noticed Jessica
  2499 | D:3      | Killed Jessica
  2500 | D:3      | Gained mutation: Your magical nature lets you fly swiftly
                  | and evasively. [Tengu growth]
  2500 | D:3      | Reached XP level 5. HP: 29/29 MP: 3/10
  2741 | D:3      | Noticed Grinder
  2788 | D:4      | Reached skill level 1 in Summonings
  2788 | D:4      | Reached skill level 6 in Air Magic
  2959 | D:4      | Found a glowing drain.
  2959 | D:4      | Noticed a black bear
  3003 | D:4      | Killed a black bear
  3004 | D:4      | Reached skill level 7 in Air Magic
  3004 | D:4      | Reached XP level 6. HP: 17/34 MP: 1/11
  3068 | Sewer    | Entered a sewer
  3128 | Sewer    | Learned a level 4 spell: Airstrike
  4709 | D:4      | Reached skill level 8 in Air Magic
  4709 | D:4      | Reached XP level 7. HP: 38/38 MP: 3/12
  4812 | D:5      | Entered Level 5 of the Dungeon
  4933 | D:5      | Reached skill level 9 in Air Magic
  5317 | D:5      | Reached XP level 8. HP: 46/46 MP: 2/13
  5522 | D:5      | Reached skill level 10 in Air Magic
  5859 | D:5      | You are sucked into a shaft and drop 1 floor!
  5867 | D:6      | Reached skill level 11 in Air Magic
  6331 | D:6      | Reached skill level 12 in Air Magic
  6593 | D:6      | Found an ancient bone altar of Kikubaaqudgha.
  6614 | D:6      | Found a staircase to the Ecumenical Temple.
  6629 | Temple   | Entered the Ecumenical Temple
  6851 | Temple   | Became a worshipper of Hepliaklqana the Forgotten
  7056 | D:6      | Reached XP level 9. HP: 43/50 MP: 1/14
  7190 | D:6      | Found a broken altar of Ashenzari.
  7426 | D:6      | Reached skill level 13 in Air Magic
  8687 | D:8      | Noticed a hornet
  8691 | D:8      | Paralysed by a hornet for 3 turns
  8694 | D:8      | HP: 2/51 [poisoned by a hornet]
  8695 | D:8      | Killed a hornet
  9105 | D:8      | Reached * piety under Hepliaklqana
  9314 | D:8      | Reached skill level 14 in Air Magic
  9315 | D:8      | Reached XP level 10. HP: 16/52 MP: 2/17
  9318 | D:8      | Gained mutation: You are partially covered in iridescent
                  | scales. (AC +2) [potion of mutation]
  9318 | D:8      | Gained mutation: Your spells are a little easier to cast,
                  | but a little less powerful. [potion of mutation]
  9318 | D:8      | Gained mutation: Your muscles are strong. (Str +2) [potion
                  | of mutation]
 10143 | D:9      | Paralysed by a hornet for 1 turns
 10147 | D:9      | Reached skill level 5 in Stealth
 10179 | D:9      | HP: 3/52 [yak (15)]
 10180 | D:9      | Mangled by a yak

Illustrated notes

Levels and vault maps discovered:
D:1:      ncdulo_wetmaze, layout_basic, hellmonk_ecumenical_altar_leap_of_faith
D:2:      layout_basic, basic_altar, interstate_on_off, serial_bayou_lake_a,
          uniq_crazy_yiuf_cottage
D:3:      layout_basic, lemuel_crystal_altar, uniq_jessica, uniq_grinder,
          uniq_ijyb
D:4:      layout_rooms, cheibrodos_sewer_entry_drain
D:5:      layout_basic, minmay_misc_feat_enclosed, chequers_garden, st_stairs_1
D:6:      layout_basic, mainiacjoe_overflow_small_starburst,
          mainiacjoe_overflow_tiny_flanked, minmay_temple_entry_hall
D:7:      layout_basic
D:8:      layout_basic
D:9:      layout_loops_ring, gammafunk_temple_overflow_elements,
          mainiacjoe_overflow_divided_tiny
Temple:   regret_index_temple_generic_petals

Skill      XL: |  1  2  3  4  5  6  7  8  9 10 |
---------------+-------------------------------+-----
Fighting       | 1 3 4 |  4.9
Air Magic      | 5 7 8 9 12 14 | 14.5
Summonings     | 2 3 |  3.0
Spellcasting   | 3 4 |  4.5
Stealth        | 3 4 5 |  5.0
Dodging        | 4 |  4.6
Armour         | |  0.8
Conjurations   | |  1.3
Translocations | |  0.8

Action                   |  1- 3 |  4- 6 |  7- 9 | 10-12 || total
-------------------------+-------+-------+-------+-------++-------
Melee: Unarmed           |    11 |     1 |       |       ||    12
       Kick              |     3 |     5 |     4 |     4 ||    16
       Staff             |       |    14 |    28 |     8 ||    50
       Peck              |       |       |     6 |     3 ||     9
 Cast: Shock             |    82 |   138 |   191 |    28 ||   439
       Summon Lightning  |       |     2 |    24 |     3 ||    29
       Apportation       |       |       |     2 |       ||     2
       Airstrike         |       |       |     3 |       ||     3
Invok: Recall Ancestor   |       |       |       |     1 ||     1
Evoke: Wand              |       |     2 |     5 |     3 ||    10
  Use: Potion            |       |     1 |     2 |     1 ||     4
       Scroll            |       |       |     9 |     3 ||    12
 Stab: Distracted        |       |       |     3 |     1 ||     4
Armor: Storm dragon scal |    17 |       |       |       ||    17
       Robe              |       |    11 |     9 |     1 ||    21
Dodge: Dodged            |     6 |    56 |    52 |    11 ||   125

Table legend: (Time is in decaauts)
 A = Elapsed time spent in this place.
 B = Non-inter-level travel time spent in this place.
 C = Inter-level travel time spent in this place.
 D = Time resting spent in this place.
 E = Time spent auto-exploring this place.
 F = Levels seen in this place.
 G = Mean time per level.
                   A        B        C        D        E       F      G
               +--------+--------+--------+--------+--------+-----+--------+
         Total |   9892 |   9584 |    308 |    958 |   7405 |  11 |  899.3 |
       Dungeon |   8712 |   8438 |    274 |    794 |   6533 |   9 |  968.0 |
        Temple |    374 |    340 |     34 |    112 |    201 |   1 |  374.0 |
         Sewer |    805 |    805 |      0 |     52 |    670 |   1 |  805.0 |
               +--------+--------+--------+--------+--------+-----+--------+

Top non-repeatable levels by time:
     D:4: 1301 daAuts
     D:8: 1241 daAuts
     D:6: 1183 daAuts
     D:7: 1121 daAuts
     D:2: 1056 daAuts
     D:5: 995 daAuts
     D:1: 881 daAuts
     D:3: 842 daAuts
   Sewer: 805 daAuts
  Temple: 374 daAuts
     D:9: 88 daAuts
